 Dungeon Crawl Stone Soup version 0.19.5 (webtiles) character file.

43 tidbits the Ducker (level 3, -5/25 HPs)
             Began as a High Elf Artificer on Dec 12, 2017.
             Was an Initiate of Cheibriados.
             Killed by nerve-wracking pain
             ... invoked by Grinder
              (13 damage)
             ... on level 3 of the Dungeon.
             The game lasted 00:05:27 (788 turns).

tidbits the Ducker (High Elf Artificer)              Turns: 788, Time: 00:05:28

Health: -5/25      AC:  6    Str: 13    XL:     3   Next: 37%
Magic:  6/6        EV: 12    Int: 21    God:    Cheibriados [......]
Gold:   71         SH:  0    Dex: 16    Spells: 0 memorised, 2 levels left

rFire  . . .     SeeInvis .     a - +1 short sword (holy)
rCold  . . .     Gourm    .     B - +0 ring mail
rNeg   . . .     Faith    .     (no shield)
rPois  .         Spirit   .     E - +0 helmet
rElec  .         Reflect  .     (no cloak)
rCorr  .         Harm     .     (no gloves)
MR     .....                    (no boots)
Stlth  +.........               (no amulet)
                                (no ring)
                                (no ring)

@: brilliant, very slow
A: no striking features
a: Bend Time, Renounce Religion


You were on level 3 of the Dungeon.
You worshipped Cheibriados.
Cheibriados was noncommittal.
You were not hungry.

You visited 1 branch of the dungeon, and saw 4 of its levels.

You collected 71 gold pieces.

Inventory:

Hand Weapons
 a - a +1 short sword of holy wrath (weapon)
   (You took it off a kobold on level 3 of the Dungeon)
 h - a +0 hunting sling
   (You found it on level 1 of the Dungeon)
 n - a +0 dagger
   (You took it off a goblin on level 1 of the Dungeon)
 t - a +0 short sword
Missiles
 j - 38 stones (quivered)
 m - 16 sling bullets
 q - 13 poisoned needles
Armour
 b - a +0 leather armour
 B - a +0 ring mail (worn)
   (You found it on level 1 of the Dungeon)
 E - a +0 helmet (worn)
   (You found it on level 2 of the Dungeon)
Wands
 c - a wand of flame (12/48)
 d - a wand of enslavement (15/24)
 e - a wand of random effects (7/48)
Scrolls
 g - a scroll of immolation {unknown}
 i - 6 scrolls of identify {unknown}
 l - a scroll of amnesia {unknown}
 p - 2 scrolls of remove curse
 s - a scroll of enchant weapon {unknown}
Comestibles
 f - 3 bread rations
 k - a meat ration
 o - a beef jerky


   Skills:
 + Level 2.4 Fighting
 - Level 1.2 Short Blades
 + Level 3.2 Dodging
 - Level 1.1 Stealth
 - Level 3.0 Evocations


You had 2 spell levels left.
You didn't know any spells.

Dungeon Overview and Level Annotations

Branches:
Dungeon (4/15)
 Temple: D:4-7

Altars:
Cheibriados
Uskayaw

Annotations:
D:3 Grinder


Message History

The stone barely misses you.
The stone closely misses the bat.
The bat hits you but does no damage. The bat hits you but does no damage.
The kobold misses you.
You hit the kobold.
The kobold is severely wounded.
The bat closely misses you. The bat barely misses you.
The kobold closely misses you.
You closely miss the kobold.
The kobold is severely wounded.
The bat misses you. The kobold closely misses you.
You hit the kobold.
You kill the kobold!
The bat hits you. The bat hits you but does no damage.
The bat barely misses you.
You hit the bat.
You kill the bat!
Autopickup is now off.
You see here a bat corpse.
A kobold comes into view.
It is wielding a short sword of holy wrath.
The kobold shouts!
Found a snail-covered altar of Cheibriados.
Evoke which item? (* to show all) (? for menu, Esc to quit)
Zapping:
c - a wand of flame (15/48)
Press: ? - help, Shift-Dir - straight line, f - kobold
Aim: a kobold, wielding a short sword of holy wrath The puff of flame hits the kobold.
You kill the kobold!
This wand has 14 charges left.
You see here a stone.
j - 38 stones (gained 1)
You see here a short sword of holy wrath.
t - a short sword of holy wrath Wield which item (- for none, * to show all)? (? for menu, Esc to quit)
Your +1 short sword of holy wrath softly glows with a divine radiance!
t - a +1 short sword of holy wrath (weapon)
Adjust (i)tems, (s)pells, or (a)bilities?
Adjust which item? (? for menu, Esc to quit)
t - a +1 short sword of holy wrath (weapon)
Adjust to which letter? (? for menu, Esc to quit)
a - a +1 short sword of holy wrath (weapon)
t - a +0 short sword
There is a snail-covered altar of Cheibriados here.
You kneel at the altar of Cheibriados.
Cheibriados welcomes you!
Cheibriados begins to support your attributes as your movement slows.
You can now bend time to slow others.
You see here a bat corpse.
You see here a scroll labeled NUETSU EFAM.
i - 6 scrolls labeled NUETSU EFAM (gained 1)
Found 13 gold pieces.
Found a scroll labeled MIUX VUMOASH.
You see here 3 gold pieces.
You now have 61 gold pieces (gained 3).
Found 9 gold pieces.
You see here 10 gold pieces.
You now have 71 gold pieces (gained 10).
Found a stone staircase leading down.
You see here a scroll labeled MIUX VUMOASH.
p - 3 scrolls labeled MIUX VUMOASH (gained 1)
Found an escape hatch in the floor.
There is a stone staircase leading down here.
You climb downwards.
There is a stone staircase leading up here.
There is a stone staircase leading up here.
You climb upwards.
There is a stone staircase leading down here.
You open the door.
Grinder comes into view.
Grinder shouts!
It was a potion of brilliance.
You feel clever all of a sudden. Grinder hits you.
Evoke which item? (* to show all) (? for menu, Esc to quit)
Okay, then.
Evoke which item? (* to show all) (? for menu, Esc to quit)
Zapping:
c - a wand of flame (14/48)
Press: ? - help, Shift-Dir - straight line, f - Grinder
Aim: Grinder The puff of flame misses Grinder.
This wand has 13 charges left.
Grinder gestures at you.
You suddenly lose the ability to move!
Grinder hits you but does no damage. Grinder hits you.
You writhe in agony.
You can move again.
Evoke which item? (* to show all) (? for menu, Esc to quit)
Zapping:
c - a wand of flame (13/48)
Press: ? - help, Shift-Dir - straight line, f/p - Grinder
Aim: Grinder The puff of flame misses Grinder.
This wand has 12 charges left.
Grinder gestures at you. Pain shoots through your body!
* * * LOW HITPOINT WARNING * * *
You aren't carrying any potions.
Unknown command.
As you read the scroll labeled MIUX VUMOASH, it crumbles to dust.
You feel blessed for a moment.
It was a scroll of remove curse.
Grinder gestures at you. Pain shoots through your body!
Ouch! That really hurt!
You die...

.# #+ ### .## ...
#.. .. # ....
#.####.#.# .....
#.##.#.#.##
......##.#.......###
......5@...>.....>..
...$..##.#....#..##
.....###.#..#.#
...........##.#..
#.#.#.#.#........#
..........###.####
.#.#.#.#.#.# .#
...........##.#
#.#.#.#.#.#.#.#


You could see Grinder.

Vanquished Creatures
  A worm (D:2)
  A dart slug (D:1)
  2 leopard geckos
  A giant cockroach (D:1)
  4 goblins
  5 hobgoblins
  A jackal (D:1)
  5 kobolds
  8 bats
  3 frilled lizards (D:2)
  4 rats
35 creatures vanquished.

Notes
Turn   | Place    | Note
-------+----------+-------------------------------------------
     0 | D:1      | tidbits the High Elf Artificer began the quest for the Orb.
     0 | D:1      | Reached XP level 1. HP: 13/13 MP: 4/4
   163 | D:1      | Reached XP level 2. HP: 15/18 MP: 5/5
   244 | D:1      | Reached skill level 2 in Fighting
   420 | D:1      | Reached XP level 3. HP: 21/25 MP: 6/6
   474 | D:2      | Reached skill level 3 in Dodging
   699 | D:3      | Found a hide-covered altar of Uskayaw.
   718 | D:3      | Found a snail-covered altar of Cheibriados.
   732 | D:3      | Became a worshipper of Cheibriados the Contemplative
   782 | D:3      | Noticed Grinder
   784 | D:3      | Paralysed by Grinder for 3 turns
   788 | D:3      | Killed from afar by Grinder

Skill      XL: |  1  2  3 |
---------------+----------+-----
Fighting       | 2 |  2.4
Dodging        | 3 |  3.2
Short Blades   | |  1.2
Stealth        | |  1.1
Evocations     | |  3.0

Action                   || total
-------------------------++-------
Melee: Short sword       ||   118
Evoke: Wand              ||    11
  Use: Scroll            ||     1
       Potion            ||     1
 Stab: Confused          ||     1
       Sleeping          ||     1
Armor: Leather armour    ||    16
       Ring mail         ||    27
Dodge: Dodged            ||    89

Table legend:
 A = Turns spent in this place as a percentage of turns spent in the entire game.
 B = Non-inter-level travel turns spent in this place as a percentage of non-inter-level travel turns spent in the entire game.
 C = Inter-level travel turns spent in this place as a percentage of turns spent in this place.
 D = Turns resting spent in this place as a percentage of non-inter-level travel turns spent in this place.
 E = Turns spent auto-exploring this place as a percentage of non-inter-level travel turns spent in this place.
 F = Non-inter-level travel turns spent in this place divided by the number of levels of this place that you've seen.
                   A       B       C       D       E      F
               +-------+-------+-------+-------+-------+----------------------
         Total | 100.0 | 100.0 |   0.3 |   0.0 |   0.0 | 171.2
       Dungeon | 100.0 | 100.0 |   0.3 |   0.0 |   0.0 | 171.2
               +-------+-------+-------+-------+-------+----------------------

Table legend:
 A = Kills in this place as a percentage of kills in entire the game.
 B = Kills by you in this place as a percentage of kills by you in the entire game.
 C = Kills by friends in this place as a percentage of kills by friends in the entire game.
 D = Other kills in this place as a percentage of other kills in the entire game.
 E = Experience gained in this place as a percentage of experience gained in the entire game.
 F = Experience gained in this place divided by the number of levels of this place that you have seen.
                   A       B       C       D       E      F
               +-------+-------+-------+-------+-------+----------------------
         Total | 100.0 | 100.0 |  -nan |  -nan | 100.0 |  15.5
       Dungeon | 100.0 | 100.0 |  -nan |  -nan | 100.0 |  15.5
               +-------+-------+-------+-------+-------+----------------------

Vault maps used:
D:1:      minmay_arrival_nine_rooms
D:3:      kennysheep_goblin_castle, minitemple, first_bread, hex_large,
          uniq_crazy_yiuf_cottage, uniq_grinder
D:4:      serial_shops, shop, uniq_blork_the_orc
